 Dungeon Crawl Stone Soup version 0.24-a0-291-g79c1ce7 (webtiles) character file.

Game seed: 2206275739901133954

573421 TheOvate the Ruinous (level 27, -9/179 HPs)
             Began as a Tengu Air Elementalist on May 6, 2019.
             Was the Champion of Ashenzari.
             Mangled by a purple draconian
             ... wielding a +0 scimitar
              (14 damage)
             ... on level 2 of the Realm of Zot on May 9, 2019.
             The game lasted 18:50:05 (116640 turns).

TheOvate the Ruinous (Tengu Air Elementalist)     Turns: 116640, Time: 18:50:06

Health: -9/179     AC:  6    Str: 11    XL:     27
Magic:  7/48       EV: 31    Int: 27    God:    Ashenzari [******]
Gold:   1243       SH: 15    Dex: 16    Spells: 7/66 levels left

rFire    + + .     SeeInvis +   L - staff of air (curse)
rCold    + . .     Gourm    .   d - +2 shield
rNeg     + . .     Faith    .   Q - +2 robe {rF+}
rPois    +         Spirit   .   z - -2 hat of the Alchemist {rElec rPois rF+ rC+ rN+ MR+ rMut rCorr} (curse)
rElec    +         Reflect  .   n - +2 cloak (curse)
rCorr    +         Harm     .   O - +0 pair of gloves of the Purple Skies {Regen+} (curse)
rMut     +         Clarity  +   (boots unavailable)
MR       ++++.                  B - amulet of magic regeneration (curse)
Stlth    ++........             D - ring of the Real Monster {Wiz Int+2}
HPRegen  0.79/turn              h - ring of protection from magic (curse)
MPRegen  0.56/turn

@: flying quickly and evasively, quick
A: beak, talons 3, able to fly
}: 3/15 runes: serpentine, barnacled, silver
a: Stop Flying, Curse Item, Scrying, Transfer Knowledge, Renounce Religion


You were on level 2 of the Realm of Zot.
You worshipped Ashenzari.
Ashenzari was exalted by your worship.
You were not hungry.

You visited 11 branches of the dungeon, and saw 50 of its levels.

You collected 5440 gold pieces.
You spent 4197 gold pieces at shops.

Inventory:

Missiles
 c - 1060 stones (quivered)
Armour
 d - a +2 shield (worn)
 g - a +2 robe of magic resistance
 n - a cursed +2 cloak (worn)
 u - a +2 robe of positive energy
 z - the cursed -2 hat of the Alchemist (worn) {rElec rPois rF+ rC+ rN+ MR+ rMut rCorr}
   (You acquired it on level 2 of the Shoals)

   It protects you from fire.
   It protects you from cold.
   It insulates you from electricity.
   It protects you from poison.
   It protects you from negative energy.
   It affects your resistance to hostile enchantments.
   It provides partial protection from all sources of acid and corrosion.
   It protects you from mutation.
   It has a curse placed upon it.
 O - the cursed +0 pair of gloves of the Purple Skies (worn) {Regen+}
   (You bought it in a shop on level 2 of the Orcish Mines)

   It increases your rate of regeneration.
   It has a curse placed upon it.
 Q - a +2 robe of fire resistance (worn)
 R - +0 ice dragon scales
Magical Staves
 L - a cursed staff of air (weapon)
Jewellery
 a - an uncursed ring of protection from magic
 h - a cursed ring of protection from magic (right hand)
 o - an uncursed ring of positive energy
 x - the ring of the Doge {rPois rC+ rN+ MP+9}
   (You took it off a skeletal warrior on level 3 of the Crypt)

   [ring of positive energy]

   It protects you from cold.
   It protects you from poison.
   It protects you from negative energy.
   It affects your magic capacity (+9).
 B - a cursed amulet of magic regeneration (around neck)
 D - the ring of the Real Monster (left hand) {Wiz Int+2}
   (You took it off a deep elf death mage on level 3 of the Elven Halls)

   [ring of wizardry]

   It improves your spell success rate.
   It affects your intelligence (+2).
 E - the cursed ring "Begula" {-Tele Int-3 Dex+5}
   (You took it off a deep elf elementalist on level 3 of the Elven Halls)

   [ring of intelligence]

   It affects your intelligence (-3).
   It affects your dexterity (+5).
   It prevents most forms of teleportation.
   It has a curse placed upon it.
 T - an uncursed ring of resist corrosion
Wands
 f - a wand of polymorph (31)
 p - a wand of flame (43)
 r - a wand of disintegration (91)
 t - a wand of digging (23)
 y - a wand of iceblast (34)
 G - a wand of random effects (40)
 H - a wand of enslavement (5)
 J - a wand of clouds (11)
 S - a wand of paralysis (18)
 Y - a wand of acid (22)
Scrolls
 k - 2 scrolls of immolation
 m - a scroll of torment
 s - 5 scrolls of fear
 w - 21 scrolls of identify
 A - 2 scrolls of holy word
 K - 4 scrolls of fog
 M - 6 scrolls of teleportation
 P - a scroll of amnesia
 W - 4 scrolls of enchant armour
 X - 13 scrolls of remove curse
 Z - 4 scrolls of magic mapping
Potions
 b - 11 potions of curing
 e - a potion of agility
 i - a potion of mutation
 l - 4 potions of cancellation
 q - 7 potions of brilliance
 v - 2 potions of resistance
 C - 3 potions of haste
 F - 6 potions of ambrosia
 V - a potion of magic
Miscellaneous
 I - a crystal ball of energy
 N - a lightning rod (4/4)
Comestibles
 j - 55 rations


   Skills:
 - Level 20.0 Fighting
   Level 2.8 Long Blades
   Level 0.2 Axes
 + Level 15.6(18.1) Dodging
 - Level 15.0 Shields
 - Level 20.0 Spellcasting
 - Level 25.0(27) Conjurations
 - Level 3.8(6.6) Summonings
 - Level 12.3(15.0) Fire Magic
 - Level 19.9(22.1) Air Magic
 + Level 9.5(13.8) Evocations


You had 7 spell levels left.
You knew the following spells:

 Your Spells              Type           Power        Failure   Level  Hunger
a - Shock                 Conj/Air       ####         0%          1    None
b - Swiftness             Chrm/Air       #######.     0%          2    None
c - Static Discharge      Conj/Air       ########     0%          3    None
d - Airstrike             Air            ########..   0%          4    None
e - Lightning Bolt        Conj/Air       ########..   0%          5    None
f - Apportation           Tloc           ####..       1%          1    None
g - Summon Lightning Spi  Summ/Air       ########     1%          4    None
h - Animate Skeleton      Necr           N/A          1%          1    None
i - Blink                 Tloc           N/A          1%          2    None
j - Teleport Other        Tloc           ####....     1%          3    None
k - Slow                  Hex            ####....     1%          2    None
l - Passage of Golubria   Tloc           N/A          5%          4    None
m - Mephitic Cloud        Conj/Pois/Air  ########     0%          3    None
n - Gell's Gravitas       Tloc           ####......   1%          3    None
o - Tornado               Air            ########..   8%          9    #######
p - Deflect Missiles      Chrm/Air       #######...   1%          6    #......
q - Iskenderun's Battles  Conj/Chrm      #######.     1%          5    None
r - Flame Tongue          Conj/Fire      #####        0%          1    None

Your spell library contained the following spells:

 Spells                   Type           Power        Failure   Level  Hunger
 Magic Dart               Conj           ####         0%          1    None
 Sting                    Conj/Pois      ####         0%          1    None
 Poisonous Vapours        Pois/Air       ######       0%          2    None
 Throw Frost              Conj/Ice       ######       0%          2    None
 Conjure Flame            Conj/Fire      #######.     0%          3    None
 Dazzling Spray           Conj/Hex       ######       0%          3    None
 Stone Arrow              Conj/Erth      ######       0%          3    None
 Conjure Ball Lightning   Conj/Air       ########..   0%          6    #......
 Beastly Appendage        Tmut           ####..       1%          1    None
 Confusing Touch          Hex            ####..       1%          1    None
 Corona                   Hex            ####...      1%          1    None
 Freeze                   Ice            ####         1%          1    None
 Infusion                 Chrm           ####         1%          1    None
 Summon Small Mammal      Summ           ####         1%          1    None
 Call Imp                 Summ           ######..     1%          2    None
 Corpse Rot               Necr           N/A          1%          2    None
 Ensorcelled Hibernation  Hex/Ice        ####..       1%          2    None
 Passwall                 Tmut/Erth      ####....     1%          2    None
 Shroud of Golubria       Chrm/Tloc      ####......   1%          2    None
 Song of Slaying          Chrm           ####....     1%          2    None
 Sticks to Snakes         Tmut           ####....     1%          2    None
 Sublimation of Blood     Necr           ####......   1%          2    None
 Call Canine Familiar     Summ           ######..     1%          3    None
 Confuse                  Hex            ####....     1%          3    None
 Ignite Poison            Fire/Tmut/Pois ######..     1%          3    None
 Inner Flame              Hex/Fire       ######..     1%          3    None
 Lesser Beckoning         Tloc           ####......   1%          3    None
 Ozocubu's Armour         Chrm/Ice       ####....     1%          3    None
 Portal Projectile        Hex/Tloc       ####..       1%          3    None
 Recall                   Summ/Tloc      N/A          1%          3    None
 Regeneration             Chrm/Necr      ####......   1%          3    None
 Spectral Weapon          Hex/Chrm       ####....     1%          3    None
 Spider Form              Tmut/Pois      ####......   1%          3    None
 Summon Guardian Golem    Hex/Summ       #####...     1%          3    None
 Tukima's Dance           Hex            ####....     1%          3    None
 Vampiric Draining        Necr           ####......   1%          3    None
 Fulminant Prism          Conj/Hex       #######...   1%          4    None
 Summon Ice Beast         Ice/Summ       #####...     1%          4    None
 Throw Icicle             Conj/Ice       #######.     1%          4    None
 Aura of Abjuration       Summ           ######....   1%          5    None
 Bolt of Draining         Conj/Necr      #######...   1%          5    None
 Irradiate                Conj/Tmut      #######...   1%          5    None
 Silence                  Hex/Air        #######...   1%          5    None
 Summon Demon             Summ           ######....   1%          5    None
 Venom Bolt               Conj/Pois      #######...   1%          5    None
 Bolt of Cold             Conj/Ice       #######...   1%          6    #......
 Summon Forest            Summ/Tloc      #####.....   4%          5    None
 Summon Mana Viper        Hex/Summ       #####...     4%          5    None
 Animate Dead             Necr           N/A          5%          4    None
 Cause Fear               Hex            ####......   5%          4    None
 Ice Form                 Ice/Tmut       ####....     5%          4    None
 Leda's Liquefaction      Hex/Erth       ####......   5%          4    None
 Olgreb's Toxic Radiance  Pois           ####....     5%          4    None
 Petrify                  Tmut/Erth      ####....     5%          4    None
 Shadow Creatures         Summ           N/A          6%          6    #......
 Excruciating Wounds      Chrm/Necr      ####......   14%         5    None
 Agony                    Necr           ####....     16%         5    None
 Alistair's Intoxication  Tmut/Pois      ####....     16%         5    None
 Blade Hands              Tmut           ####......   16%         5    None
 Borgnjor's Vile Clutch   Necr/Erth      ####......   16%         5    None
 Dispel Undead            Necr           ####....     16%         5    None
 Lee's Rapid Deconstruct  Erth           ####......   16%         5    None
 Yara's Violent Unravell  Hex/Tmut       ####......   16%         5    None
 Monstrous Menagerie      Summ           ######....   32%         7    ####...
 Summon Greater Demon     Summ           ######....   32%         7    ####...
 Summon Hydra             Summ           ######....   32%         7    ####...
 Darkness                 Hex            ####......   58%         6    #......
 Death Channel            Necr           ####......   58%         6    #......
 Hydra Form               Tmut           ####......   58%         6    #......
 Invisibility             Hex            ####....     58%         6    #......
 Simulacrum               Ice/Necr       ####......   58%         6    #......
 Malign Gateway           Summ/Tloc      #####.....   73%         7    ####...
 Summon Horrible Things   Summ           ######....   92%         8    ######.
 Death's Door             Chrm/Necr      ####......   100%        8    ######.


Dungeon Overview and Level Annotations

Branches:
Dungeon (15/15)            Temple (1/1) D:5            Lair (6/6) D:10
 Shoals (4/4) Lair:3        Snake (4/4) Lair:2        Slime (0/5) Lair:6
    Orc (2/2) D:12            Elf (3/3) Orc:2        Vaults (5/5) D:14
  Crypt (3/3) Vaults:2       Tomb (0/3) Crypt:3      Depths (5/5) D:15
    Zot (2/5) Depths:5

Altars:
Ashenzari
Cheibriados
Elyvilon
Gozag
Hepliaklqana
Kikubaaqudgha
Nemelex Xobeh
Okawaru
Qazlal
Sif Muna
Uskayaw
Vehumet
Wu Jian
Xom
Yredelemnul
Zin
The Shining One
Beogh

Shops:
D:6 [   D:8 ?   D:14 (*   Orc:2 [%[=   Elf:2 (   Shoals:4 }   Snake:1 (
Snake:4 ?   Vaults:1 ::   Vaults:2 (   Vaults:3 [:[(!   Vaults:4 [
Vaults:5 *==(   Depths:3 !

Portals:
Hell: Depths:1 Depths:2 Depths:3 Depths:4 Depths:5
Abyss: Depths:1 Depths:4
Pandemonium: Depths:3 Depths:4 Depths:5
Ziggurat: Depths:5

Annotations:
D:8 Harold
Lair:5 exclusion: 4 oklob plants
Lair:6 3 runed translucent doors, Yolobob's ghost, journeyman HOMo
Crypt:3 3 runed translucent doors, Konwih's ghost, veteran FoFi
Depths:4 exclusions: downstairs and ice statue


Innate Abilities, Weirdness & Mutations

You have a beak for a mouth.
You have claws for feet.
You can fly continuously.


Message History

Okay, then.
Okay, then.
Casting: Lightning Bolt (safe; 0% risk of failure)
Confirm with . or Enter, or press ? or * to list all spells.
Aiming: Lightning Bolt (safe; 0% risk of failure)
Press: ? - help, Shift-Dir - straight line, f/p - tentacled monstrosity
Aim: a tentacled monstrosity (almost dead)
You feel a surge of power!
You hear a mighty clap of thunder!
The bolt of lightning hits the tentacled monstrosity.
The tentacled monstrosity resists.
You kill the tentacled monstrosity!
You are engulfed in blazing flames.
You resist.
* * * LOW HITPOINT WARNING * * *
The winds around you calm down.
You block the purple draconian's attack.
You are engulfed in blazing flames.
You resist.
* * * LOW HITPOINT WARNING * * *
The purple draconian hits you with a +0 scimitar!
You die...

* *, .....D. ,,,,
,* ,** **
,....##X..**,, , ,
,,*##.. , ,,,, **
*,, ,,* d...** ,
,* , * , ,,, , , ,
{.d# *{,, *** ,*,,
* , , , ,.D###** *
, , *,, , *#†..#
** , , *,,
##†..##### * **, ,
##.@[......,,, , ,
* * #))[d...### **
*, * , *
*#......X.# * **
,,,,*
#.........#****,,
* * , ,,*
#............. ,,
,,, ,*
**#.........)....,
, , , ,, *
......###...###, ,
,* ,, ...... *...#
*,,, * ,
,,**,*...... *####
*,


You could see a shadow dragon, 2 tentacled monstrosities, a yellow draconian, a
purple draconian and a red draconian (fleeing).

Vanquished Creatures
  An ancient lich (Depths:4)
  An orb of fire (Zot:1)
  A juggernaut (Depths:2)
  Boris (Crypt:2)
  Vashnia (Snake:3)
  2 golden dragons
  Nikola (Snake:3)
  Jory (Depths:3)
  2 bone dragons (Crypt:3)
  An electric golem (Zot:1)
  12 tentacled monstrosities
  Rupert (D:14)
  7 liches
  7 quicksilver dragons
  2 deep elf blademasters (Elf:2)
  2 death cobs (Zot:1)
  4 deep elf master archers (Elf:3)
  4 titans (Vaults:5)
  A sphinx (Vaults:3)
  Kirke (Snake:4)
  5 tengu reavers
  3 ancient champions
  7 storm dragons
  3 draconian monks
  Agnes (Elf:2)
  3 nagarajas (Snake:4)
  5 shadow dragons
  A revenant (Crypt:3)
  3 fire giants
  9 frost giants
  2 draconian knights
  7 deep elf sorcerers
  2 iron dragons
  A ghost moth (Zot:2)
  14 vault wardens
  2 balrugs
  27 very ugly things
  2 curse skulls
  2 ghouls
  A draconian shifter (Zot:2)
  4 deep elf elementalists (Elf:3)
  2 draconian annihilators (Zot:1)
  13 ironheart preservers
  4 war gargoyles (Vaults:5)
  22 stone giants
  An entropy weaver (Vaults:1)
  8 green draconians
  3 deep elf demonologists
  8 vampire knights
  7 red draconians
  A purple draconian (Depths:5)
  A white draconian (Zot:2)
  5 deep elf annihilators (Elf:3)
  12 spark wasps
  4 black draconians (Zot:1)
  8 yellow draconians
  2 merfolk impalers
  2 merfolk javelineers
  A blizzard demon (Depths:4)
  An ettin (shapeshifter) (Vaults:5)
  9 deep elf death magi
  Erolcha (D:8)
  11 fire dragons
  7 ettins
  2 crystal guardians
  4 eidola
  A quicksilver dragon zombie (Crypt:1)
  12 jiangshi
  Snorg (D:14)
  15 yaktaur captains
  10 ice dragons
  13 ogre magi
  6 great orbs of eyes
  10 deep elf high priests
  3 rakshasas
  A hell beast (Depths:4)
  6 hydras
  27 vault guards
  3 spriggan air magi
  An alligator snapping turtle (Shoals:4)
  8 naga warriors
  2 anacondas (shapeshifter)
  A merfolk avatar (Shoals:4)
  6 anacondas
  11 centaur warriors
  6 death knights
  23 dancing weapons
  7 vampire magi
  30 two-headed ogres
  5 deep troll earth magi
  6 tengu warriors
  3 deep troll shamans
  An orc high priest (Orc:2)
  13 naga sharpshooters
  5 hell knights (Vaults:5)
  A soul eater (Crypt:2)
  19 deep elf knights
  5 shock serpents
  6 spriggan berserkers
  A sixfirhy (Depths:4)
  2 sun demons (Depths:2)
  A storm dragon zombie (Crypt:2)
  6 shadow wraiths
  2 glowing orange brains
  24 skeletal warriors
  A small abomination (Elf:3)
  2 salamander mystics
  6 flayed ghosts
  20 sea snakes
  An unseen horror (Vaults:1)
  13 deep trolls
  13 phantasmal warriors
  An unseen horror (shapeshifter) (Depths:3)
  2 naga ritualists
  A deep troll (shapeshifter) (Vaults:1)
  16 ironbrand convokers
  6 wizards
  A wolf spider zombie (D:13)
  9 deep elf archers
  An iron giant skeleton (Crypt:3)
  11 harpies
  A harpy (shapeshifter) (Vaults:5)
  A mana viper (shapeshifter) (Vaults:5)
  13 orc knights
  A lindwurm (Lair:6)
  An orb spider (shapeshifter) (Vaults:3)
  6 mana vipers
  5 orc sorcerers
  A cyclops (shapeshifter) (Vaults:2)
  2 fire giant zombies
  A stone giant zombie (Crypt:1)
  4 necromancers
  A shadow dragon skeleton (Crypt:1)
  18 ugly things
  30 deep elf magi
  A manticore (shapeshifter) (Vaults:5)
  17 salamanders
  3 wolf spiders
  12 moths of wrath
  4 elephants
  5 frost giant zombies
  4 manticores
  A faun (Shoals:1)
  8 cyclopes
  A merfolk siren (Shoals:3)
  19 vault sentinels
  A guardian serpent (Snake:3)
  7 water nymphs
  4 torpor snails
  An eye of devastation (Lair:6)
  A black mamba (shapeshifter) (Depths:4)
  7 naga magi
  2 molten gargoyles (Lair:6)
  20 black mambas
  3 gargoyles
  2 yaktaur zombies
  A rime drake (Lair:5)
  9 spiny frogs
  An efreet (D:15)
  A human zombie (Vaults:3)
  51 yaktaurs
  7 freezing wraiths
  A kobold demonologist (D:13)
  5 komodo dragons
  A red devil (Depths:4)
  3 tengu conjurers
  A meliai (shapeshifter) (Depths:5)
  3 meliai
  3 wind drakes (Shoals:4)
  A queen bee (Lair:4)
  8 merfolk
  2 polar bears
  6 trolls
  A blink frog (shapeshifter) (Depths:3)
  A polar bear (shapeshifter) (Vaults:3)
  5 hornets
  A harpy skeleton (D:14)
  4 slime creatures (Vaults:1)
  11 blink frogs
  2 dream sheep
  7 hippogriffs
  A hippogriff (shapeshifter) (Vaults:5)
  4 snapping turtles
  A bog body (Crypt:3)
  2 black mamba zombies
  17 flying skulls (Depths:3)
  A redback (shapeshifter) (Vaults:5)
  5 spriggans
  3 shadows
  3 air elementals (Elf:1)
  An alligator skeleton (Crypt:2)
  5 wraiths
  6 wyverns
  5 water elementals
  A centaur simulacrum (D:14)
  2 fire elementals (Elf:2)
  2 tarantellas (shapeshifter)
  5 basilisks
  12 yaks
  A human (shapeshifter) (Vaults:2)
  2 basilisks (shapeshifter)
  Eustachio (D:5)
  Grum (Lair:1)
  3 steam dragons
  A neqoxec (Depths:4)
  3 hungry ghosts
  29 nagas
  4 wargs
  4 vampire mosquitoes (D:15)
  Menkaure (D:5)
  A soldier ant (D:14)
  A deep troll zombie (Crypt:1)
  12 water moccasins
  3 porcupines
  2 sky beasts
  A dream sheep zombie (Crypt:2)
  21 orc warriors
  4 phantoms
  2 black bears (D:6)
  A boggart (Depths:2)
  25 ogres
  4 necrophages
  2 ice beasts
  An ogre (shapeshifter) (Depths:3)
  12 wolves
  29 centaurs
  7 crocodiles
  4 big kobolds
  A rime drake skeleton (Crypt:1)
  8 bullfrogs
  A gnoll sergeant (D:8)
  A wyvern zombie (D:14)
  2 earth elementals
  A glowing shapeshifter simulacrum (Depths:3)
  A draconian skeleton (Crypt:3)
  A cyclops skeleton (Crypt:2)
  3 scorpions
  A spriggan zombie (Crypt:1)
  3 human simulacra
  39 killer bees
  A polar bear skeleton (Crypt:1)
  3 electric eels
  6 wights
  A troll skeleton (Crypt:1)
  2 bullfrog zombies
  A lava snake (Snake:3)
  7 crimson imps
  3 centaur zombies
  A quasit (Depths:4)
  5 hounds
  2 iron imps
  4 centaur skeletons
  4 jellies
  17 orc priests
  Ijyb (D:4)
  Terence (D:2)
  Natasha (twice) (D:2)
  5 iguanas
  18 orc wizards
  6 worker ants
  A big kobold zombie (Crypt:1)
  An ogre zombie (Crypt:1)
  2 hound zombies
  A hound skeleton (D:11)
  Robin (D:2)
  A howler monkey zombie (D:5)
  A worker ant zombie (D:5)
  A howler monkey skeleton (Crypt:3)
  10 gnolls
  16 adders
  9 shadow imps
  An ufetubus (Depths:4)
  2 oozes
  A lava snake zombie (Crypt:2)
  An adder skeleton (D:4)
  3 worms
  2 dart slugs
  2 leopard geckos
  60 orcs
  2 ball pythons
  5 giant cockroaches
  18 goblins
  12 hobgoblins
  8 jackals
  30 kobolds
  4 quokkas
  8 bats
  5 frilled lizards
  A leopard gecko skeleton (D:5)
  5 rats
  3 crawling corpses
  2 fungi
  A plant (Lair:6)
  2 tentacles (Shoals:4)
1679 creatures vanquished.

Vanquished Creatures (collateral kills)
  An ancient lich (Vaults:5)
  2 tentacled monstrosities (Vaults:5)
  An ancient champion (Crypt:3)
  A kraken (Shoals:4)
  A tengu reaver (Vaults:5)
  2 shadow dragons
  5 nagarajas
  3 deep elf sorcerers
  2 fire giants
  Aizul (D:15)
  4 frost giants
  2 vault wardens
  A draconian scorcher (Depths:5)
  2 deep elf elementalists (Elf:3)
  4 ironheart preservers
  4 stone giants
  A juggernaut skeleton (Depths:3)
  12 very ugly things
  2 deep elf demonologists
  2 green draconians
  A dire elephant (shapeshifter) (D:14)
  A minotaur (Lair:5)
  A red draconian (Zot:1)
  5 deep elf annihilators
  A white draconian (Depths:5)
  The ghost of Phong the Soothsayer, a journeyman OpFi of Nemelex Xobeh (Lair:5)
  4 deep elf death magi
  2 ettins
  2 merfolk javelineers (Shoals:4)
  5 merfolk impalers
  An ogre mage (Vaults:1)
  A great orb of eyes (Vaults:5)
  2 deep elf high priests (Elf:3)
  4 yaktaur captains
  3 fire dragons
  6 naga warriors
  A rakshasa (Depths:1)
  A merfolk avatar (Shoals:4)
  2 vault guards
  3 hydras
  2 spriggan air magi
  5 ice dragons
  2 centaur warriors
  An alligator snapping turtle (Shoals:4)
  A merfolk aquamancer (Shoals:4)
  11 two-headed ogres
  The ghost of mhoghedin the Skirmisher, a novice DgNe (Lair:2)
  6 anacondas
  A two-headed ogre (shapeshifter) (Depths:5)
  2 tengu warriors (Depths:4)
  2 deep troll shamans
  A soul eater (Crypt:2)
  A large abomination (Vaults:5)
  2 orc high priests (Orc:2)
  A storm dragon zombie (Crypt:2)
  3 spriggan berserkers
  8 naga sharpshooters
  8 deep elf knights
  Urug (D:11)
  4 salamander mystics
  5 skeletal warriors
  A flayed ghost (Vaults:5)
  A small abomination (Vaults:3)
  2 wizards
  10 sea snakes
  5 deep trolls
  9 orc knights
  3 naga ritualists
  4 ironbrand convokers
  An anaconda skeleton (Crypt:2)
  4 phantasmal warriors
  9 deep elf archers
  2 necromancers
  A wolf spider zombie (D:14)
  2 fire giant zombies
  40 deep elf magi
  19 ugly things
  A harpy (Shoals:4)
  A tengu skeleton (Depths:3)
  A frost giant zombie (Depths:3)
  4 fauns
  2 mana vipers (Snake:2)
  5 cyclopes
  3 orc sorcerers
  3 manticores
  A sphinx skeleton (Crypt:1)
  18 salamanders
  A moth of wrath (Zot:1)
  A centaur zombie (D:13)
  9 elephants
  A guardian serpent (Snake:3)
  5 water nymphs
  An ice statue (Depths:4)
  12 naga magi
  14 black mambas
  A centaur skeleton (D:15)
  5 merfolk sirens
  2 gargoyles
  A vault sentinel (Vaults:2)
  An elephant slug zombie (Crypt:1)
  Psyche (D:12)
  A black draconian zombie (Crypt:1)
  4 spiny frogs (Lair:6)
  A torpor snail (Lair:5)
  A rime drake (Lair:6)
  13 yaktaurs
  4 komodo dragons
  3 freezing wraiths
  4 ice devils (Depths:4)
  3 kobold demonologists
  A queen bee (Lair:5)
  3 meliai (Lair:4)
  2 wind drakes (Shoals:1)
  A purple draconian skeleton (Crypt:2)
  A hornet (Depths:4)
  17 merfolk
  2 trolls
  5 blink frogs
  A meliai zombie (Crypt:3)
  5 dream sheep
  4 slime creatures
  3 snapping turtles (Shoals:4)
  4 hippogriffs
  A flying skull (Depths:3)
  A shadow (Crypt:2)
  2 wyverns
  4 water elementals
  A wraith (Vaults:1)
  8 yaks
  2 vampires
  4 hogs (Snake:4)
  A golden eye (shapeshifter) (Vaults:4)
  3 basilisks
  2 wargs
  31 nagas
  An acid dragon (D:14)
  A water nymph zombie (Crypt:1)
  7 water moccasins
  A porcupine (Lair:5)
  A torturous demonspawn skeleton (Crypt:2)
  20 orc warriors
  4 hell hounds (Lair:6)
  A hornet zombie (Crypt:2)
  An ettin simulacrum (Vaults:3)
  An eye of draining (Lair:6)
  An ice beast (D:13)
  9 ogres
  A wolf (Lair:5)
  16 centaurs
  2 crocodiles
  2 big kobolds (D:15)
  A big kobold (shapeshifter) (Vaults:5)
  A bullfrog (D:13)
  A salamander skeleton (Crypt:3)
  A deep troll simulacrum (Vaults:1)
  A scorpion (D:12)
  24 killer bees
  5 wights
  5 lava snakes
  2 crimson imps
  2 quasits
  A bullfrog zombie (D:13)
  A jelly (D:13)
  A bullfrog skeleton (D:11)
  10 orc priests
  A demonspawn skeleton (Crypt:2)
  4 worker ants
  8 orc wizards
  A worker ant (shapeshifter) (Depths:1)
  A bullfrog simulacrum (D:13)
  A hound skeleton (Crypt:3)
  3 gnolls (Orc:2)
  An ufetubus (Depths:4)
  26 orcs
  5 kobolds
  A kobold skeleton (Crypt:1)
  A crawling corpse (Vaults:5)
  3 plants
  A tentacle (Shoals:4)
700 creatures vanquished.

Vanquished Creatures (others)
  A very ugly thing (Depths:5)
  An anaconda (Snake:3)
  A deep elf knight (Elf:3)
  A wizard (Depths:4)
  A deep elf mage (Elf:2)
  A salamander (Snake:3)
  3 humans (Snake:4)
  A gnoll (D:5)
  26 fungi
  11 plants
  12 tentacles (Shoals:4)
59 creatures vanquished.

Grand Total: 2438 creatures vanquished

Notes
Turn   | Place    | Note
-------+----------+-------------------------------------------
     0 | D:1      | TheOvate the Tengu Air Elementalist began the quest for the
                  | Orb.
     0 | D:1      | Reached XP level 1. HP: 10/10 MP: 4/4
   106 | D:1      | Reached XP level 2. HP: 10/15 MP: 1/6
   636 | D:1      | Reached skill level 5 in Air Magic
   636 | D:1      | Reached XP level 3. HP: 19/19 MP: 3/7
  1399 | D:2      | Found an ancient bone altar of Kikubaaqudgha.
  1493 | D:2      | Noticed Robin
  1497 | D:2      | Killed Robin
  1497 | D:2      | Reached skill level 2 in Conjurations
  1497 | D:2      | Reached XP level 4. HP: 24/24 MP: 0/9
  2141 | D:2      | Gained mutation: You can fly continuously. [Tengu growth]
  2141 | D:2      | Reached XP level 5. HP: 16/28 MP: 4/10
  2339 | D:2      | Learned a level 2 spell: Swiftness
  2343 | D:2      | Learned a level 3 spell: Static Discharge
  2348 | D:2      | Learned a level 4 spell: Airstrike
  2755 | D:2      | Noticed Natasha
  2763 | D:2      | Killed Natasha
  2763 | D:2      | Reached skill level 3 in Conjurations
  2966 | D:2      | Noticed Terence
  2979 | D:2      | Killed Terence
  3260 | D:2      | Reached XP level 6. HP: 20/33 MP: 6/12
  3307 | D:2      | Noticed Natasha
  3326 | D:2      | Killed Natasha
  3617 | D:3      | Reached skill level 1 in Fighting
  3722 | D:3      | Found a basalt altar of Yredelemnul.
  4709 | D:3      | Found a radiant altar of Vehumet.
  4836 | D:4      | Reached skill level 4 in Conjurations
  4936 | D:4      | Noticed a phantom
  5119 | D:4      | Killed a phantom
  5119 | D:4      | Reached XP level 7. HP: 38/38 MP: 0/13
  5704 | D:4      | Noticed Ijyb
  5717 | D:4      | Killed Ijyb
  5794 | D:4      | Found a shimmering altar of Xom.
  6270 | D:5      | Entered Level 5 of the Dungeon
  6270 | D:5      | Noticed Menkaure
  6512 | D:5      | Reached skill level 5 in Conjurations
  6692 | D:5      | Found a stormy altar of Qazlal.
  6693 | D:5      | Noticed a fire elemental
  6695 | D:5      | Noticed an air elemental
  6695 | D:5      | Noticed a water elemental
  6738 | D:5      | Reached XP level 8. HP: 45/45 MP: 9/15
  6876 | D:5      | Noticed Eustachio
  7309 | D:5      | Killed Menkaure
  7665 | D:6      | Reached skill level 6 in Conjurations
  7883 | D:6      | Reached skill level 5 in Spellcasting
  7902 | D:6      | Learned a level 5 spell: Lightning Bolt
  8113 | D:6      | Found a hazy altar of Hepliaklqana.
  8120 | D:6      | Reached skill level 5 in Dodging
  8130 | D:6      | Reached XP level 9. HP: 52/52 MP: 10/17
  8220 | D:6      | Found Gysiyfai's Armour Shoppe.
  8228 | D:6      | Bought a +0 buckler for 49 gold pieces
  8686 | D:6      | Reached skill level 5 in Stealth
  8686 | D:6      | Reached skill level 1 in Shields
  9481 | D:7      | Reached skill level 7 in Conjurations
  9861 | D:7      | Found a glowing silver altar of Zin.
 10846 | D:8      | Found an opulent altar of Gozag.
 10846 | D:8      | Found a hazy altar of Hepliaklqana.
 10846 | D:8      | Found a glowing golden altar of the Shining One.
 11076 | D:8      | Reached skill level 5 in Fighting
 11166 | D:8      | Found Otimuc's Magic Scroll Boutique.
 11174 | D:8      | Bought a scroll of fog for 30 gold pieces
 11174 | D:8      | Bought a scroll of fear for 52 gold pieces
 11174 | D:8      | Bought a scroll of identify for 30 gold pieces
 11174 | D:8      | Bought a scroll of magic mapping for 52 gold pieces
 11277 | D:8      | Noticed Harold
 11348 | D:8      | Noticed a two-headed ogre
 11836 | D:8      | Reached XP level 10. HP: 50/58 MP: 5/20
 12361 | D:8      | Killed a two-headed ogre
 12685 | D:9      | Found a deep blue altar of Sif Muna.
 13139 | D:5      | Found a staircase to the Ecumenical Temple.
 13148 | Temple   | Entered the Ecumenical Temple
 13162 | Temple   | Became a worshipper of Ashenzari the Shackled
 13364 | D:5      | Killed Eustachio
 13846 | D:8      | Bought a scroll of remove curse for 45 gold pieces
 13870 | D:9      | Learned a level 1 spell: Apportation
 13873 | D:9      | Noticed Erolcha
 14024 | D:8      | Killed Erolcha
 14441 | D:9      | Reached skill level 8 in Conjurations
 14455 | D:10     | Entered Level 10 of the Dungeon
 14515 | D:10     | Noticed a two-headed ogre
 14602 | D:9      | Killed a two-headed ogre
 14602 | D:9      | Reached XP level 11. HP: 57/67 MP: 8/23
 15569 | D:10     | Found a staircase to the Lair.
 15729 | Lair:1   | Entered Level 1 of the Lair of Beasts
 16020 | Lair:1   | Reached * piety under Ashenzari
 16046 | Lair:1   | Reached skill level 9 in Conjurations
 16411 | Lair:1   | Noticed Grum
 16586 | Lair:1   | Killed Grum
 17198 | Lair:2   | Found a runed translucent door.
 17198 | Lair:2   | Noticed mhoghedin's ghost (novice DgNe)
 17323 | Lair:2   | Reached ** piety under Ashenzari
 18297 | Lair:2   | Found a staircase to the Snake Pit.
 19096 | Lair:3   | Noticed a six-headed hydra
 19360 | Lair:3   | Reached skill level 10 in Conjurations
 19469 | Lair:3   | Reached skill level 10 in Air Magic
 19478 | Lair:3   | Learned a level 4 spell: Summon Lightning Spire
 19913 | Lair:3   | Found a staircase to the Shoals.
 20113 | Lair:3   | Reached XP level 12. HP: 62/73 MP: 17/25
 20308 | Lair:4   | Noticed a six-headed hydra
 21269 | Lair:3   | Killed a six-headed hydra
 21428 | Lair:2   | Killed a six-headed hydra
 21899 | Lair:4   | Noticed an eight-headed hydra
 22157 | Lair:4   | Killed an eight-headed hydra
 22582 | Lair:2   | Killed mhoghedin's ghost
 22582 | Lair:2   | Reached skill level 11 in Conjurations
 23573 | Lair:4   | Found a snail-covered altar of Cheibriados.
 24536 | Lair:5   | Found a runed translucent gate.
 24537 | Lair:5   | Found a runed translucent gate.
 24538 | Lair:5   | Found a runed translucent gate.
 24734 | Lair:5   | Noticed a minotaur
 24888 | Lair:5   | Reached XP level 13. HP: 80/80 MP: 15/27
 25720 | Lair:4   | HP: 4/80 [wyvern (12)]
 26306 | Lair:5   | Noticed Phong's ghost (journeyman OpFi)
 27111 | Lair:5   | Reached skill level 12 in Conjurations
 27495 | Lair:4   | Reached skill level 10 in Dodging
 27787 | Lair:5   | Reached skill level 1 in Summonings
 27975 | Lair:5   | Identified the +10 hand axe of Etoigh {protect, Stlth+}
 28058 | Lair:5   | Found a runed translucent door.
 28258 | Lair:5   | Reached *** piety under Ashenzari
 28722 | Lair:5   | Reached skill level 10 in Spellcasting
 29306 | Lair:5   | Killed a minotaur
 29306 | Lair:5   | Reached skill level 10 in Fighting
 29568 | Lair:5   | Killed Phong's ghost
 29672 | Lair:6   | Entered Level 6 of the Lair of Beasts
 29672 | Lair:6   | Found a runed translucent gate.
 29672 | Lair:6   | Found a runed translucent gate.
 29687 | Lair:6   | Found a staircase to the Slime Pits.
 29915 | Lair:6   | Found a runed translucent gate.
 31484 | Lair:6   | Noticed Yolobob's ghost (journeyman HOMo)
 32094 | Lair:6   | Reached XP level 14. HP: 88/88 MP: 21/31
 32416 | Lair:6   | Found a large runed translucent door.
 32648 | Lair:6   | Found a large runed translucent door.
 32861 | Lair:6   | Reached skill level 1 in Evocations
 33892 | D:11     | Noticed Urug
 33902 | D:11     | Killed Urug
 35279 | D:12     | Found a staircase to the Orcish Mines.
 35587 | D:12     | Reached **** piety under Ashenzari
 35602 | D:12     | Noticed Psyche
 35607 | D:12     | Killed Psyche
 37029 | D:12     | Upgraded the game from 0.24-a0-284-g9fb9971 to
                  | 0.24-a0-285-g3c078ff
 37266 | D:12     | Learned a level 1 spell: Animate Skeleton
 37473 | Orc:1    | Entered Level 1 of the Orcish Mines
 38429 | Orc:2    | Entered Level 2 of the Orcish Mines
 38933 | Orc:2    | Found a staircase to the Elven Halls.
 40076 | Orc:1    | Found a roughly hewn altar of Beogh.
 40987 | Orc:2    | Found Giobat's Jewellery Shop.
 40995 | Orc:2    | Found Vusibiek's Armour Emporium.
 40996 | Orc:2    | Found Zoown's Armour Shop.
 40997 | Orc:2    | Found Inececso's Food Emporium.
 41069 | Orc:2    | Bought the +0 pair of gloves of the Purple Skies {Regen+}
                  | for 161 gold pieces
 41094 | Orc:2    | Bought the ring "Vush" {rElec rF+ Stlth+} for 616 gold
                  | pieces
 41952 | D:13     | Reached ***** piety under Ashenzari
 42014 | D:13     | Identified the +10 falchion "Widowermaker" {slice, +Rage
                  | rElec rF+}
 43044 | D:12     | Reached XP level 15. HP: 47/92 MP: 1/34
 43360 | D:13     | Reached skill level 1 in Long Blades
 43918 | D:14     | Found Sitroywn's Weapon Boutique.
 43918 | D:14     | Noticed Rupert
 44715 | D:14     | Noticed Snorg
 44727 | D:14     | Killed Snorg
 44908 | D:14     | Killed Rupert
 45179 | D:14     | Found a gate to the Vaults.
 46066 | D:14     | Found Bocsucs's Pet Rocks.
 46289 | D:15     | Entered Level 15 of the Dungeon
 47983 | D:15     | Found a staircase to the Depths.
 48324 | Snake:1  | Entered Level 1 of the Snake Pit
 48746 | Lair:2   | HP: 4/92 [anaconda (2)]
 49311 | Snake:1  | Found Haq Serhurgh's Antique Weapon Shop.
 49856 | Snake:1  | Reached skill level 5 in Long Blades
 50403 | Snake:1  | Reached skill level 5 in Evocations
 50744 | Snake:1  | Identified the cursed +0 leather armour of Cupoasm {Int+4}
                  | (You found it on level 1 of the Snake Pit)
 50878 | Snake:1  | Reached XP level 16. HP: 79/98 MP: 28/35
 51827 | Snake:2  | Noticed a nagaraja
 51836 | Snake:2  | Killed a nagaraja
 52410 | Snake:3  | Noticed Nikola
 53478 | Snake:2  | Reached skill level 13 in Conjurations
 54546 | Snake:3  | Killed Nikola
 54672 | Snake:3  | Noticed Vashnia
 54940 | Snake:3  | Killed Vashnia
 57110 | Snake:3  | Reached XP level 17. HP: 104/104 MP: 27/36
 58462 | Snake:4  | Entered Level 4 of the Snake Pit
 58499 | Snake:4  | Noticed Kirke
 59630 | Snake:4  | Killed Kirke
 60048 | Snake:4  | Identified the cursed +1 ring mail "Jiuxucyd" {Dex+2}
 60060 | Snake:4  | Reached skill level 14 in Conjurations
 60269 | Snake:4  | Found Haivutih's Magic Scroll Boutique.
 60275 | Snake:4  | Bought a scroll of teleportation for 48 gold pieces
 60275 | Snake:4  | Bought a scroll of teleportation for 48 gold pieces
 60275 | Snake:4  | Bought a scroll of teleportation for 48 gold pieces
 60275 | Snake:4  | Bought a scroll of summoning for 152 gold pieces
 60275 | Snake:4  | Bought a scroll of magic mapping for 56 gold pieces
 60275 | Snake:4  | Bought a scroll of fog for 32 gold pieces
 60275 | Snake:4  | Bought 3 scrolls of fear for 168 gold pieces
 60275 | Snake:4  | Bought a scroll of remove curse for 48 gold pieces
 62478 | Snake:4  | Reached skill level 15 in Spellcasting
 63110 | Snake:4  | Got a serpentine rune of Zot
 63781 | D:8      | Bought a scroll of acquirement for 780 gold pieces
 63784 | D:8      | Found the cursed +2 hat of the Bear Spirit {Spirit, +Rage
                  | rN+ MR++}
 64069 | Lair:3   | Upgraded the game from 0.24-a0-285-g3c078ff to
                  | 0.24-a0-290-gbb66a67
 64072 | Shoals:1 | Entered Level 1 of the Shoals
 65442 | Shoals:2 | Reached XP level 18. HP: 112/112 MP: 30/38
 65454 | Shoals:2 | Identified the +6 glaive "Tegapp" {freeze, *Corrode +Inv
                  | rC++ Stlth+}
 65483 | Shoals:2 | Found the cursed -2 hat of the Alchemist {rElec rPois rF+
                  | rC+ rN+ MR+ rMut rCorr}
 65885 | Shoals:3 | Found Ecrev's Assorted Antiques.
 65927 | Shoals:3 | Learned a level 2 spell: Blink
 65931 | Shoals:3 | Learned a level 3 spell: Teleport Other
 65934 | Shoals:3 | Learned a level 2 spell: Slow
 65956 | Shoals:3 | Bought a scroll of teleportation for 69 gold pieces
 66162 | Shoals:4 | Entered Level 4 of the Shoals
 67589 | Shoals:4 | Found Ytwedeki's Gadget Shop.
 68104 | Shoals:4 | Reached skill level 10 in Long Blades
 68404 | Shoals:4 | Got a barnacled rune of Zot
 68725 | Vaults:1 | Entered Level 1 of the Vaults
 68741 | D:14     | Learned a level 4 spell: Passage of Golubria
 68745 | D:14     | Learned a level 3 spell: Mephitic Cloud
 68749 | D:14     | Learned a level 3 spell: Gell's Gravitas
 68899 | Elf:1    | Entered Level 1 of the Elven Halls
 69170 | Elf:1    | Noticed a Hell Sentinel
 69295 | Elf:1    | Noticed a Tzitzimitl
 70039 | Elf:1    | Reached skill level 5 in Shields
 70733 | Elf:1    | Identified Oheyxt's Guide on Supportive Confrontation
 70870 | Elf:2    | Found Qoyckess's Weapon Emporium.
 71837 | Elf:2    | Found a runed translucent gate.
 71837 | Elf:2    | Found a runed translucent gate.
 71837 | Elf:2    | Found a runed translucent gate.
 72187 | Elf:3    | Entered Level 3 of the Elven Halls
 72610 | Elf:3    | Identified the cursed +0 flail of Disaster {crush, Dex+4}
 72797 | Elf:3    | Reached ****** piety under Ashenzari
 72854 | Elf:3    | Noticed a deep elf blademaster
 73134 | Elf:2    | Killed a deep elf blademaster
 73134 | Elf:2    | Reached XP level 19. HP: 106/120 MP: 22/40
 73459 | Elf:3    | Identified the +7 plate armour of Fehamom {rC+ MR+ Str+2
                  | Stlth+}
 74432 | Elf:3    | Identified the cursed ring "Begula" {-Tele Int-3 Dex+5}
 74796 | Elf:3    | Identified the ring of the Real Monster {Wiz Int+2}
 76858 | Elf:3    | Identified the amulet "Voufowudgho" {Faith +Inv rPois
                  | Str-4}
 77336 | Elf:3    | Identified the cursed +3 spear of Doom {speed, MR+ Int+4
                  | Stlth+}
 77343 | Elf:3    | Identified the ring "Jioligh" {*Tele rElec Int+2}
 77648 | Elf:2    | Noticed Agnes
 77681 | Elf:2    | Killed Agnes
 79783 | Vaults:1 | Reached XP level 20. HP: 128/128 MP: 31/41
 80175 | Vaults:1 | Reached skill level 15 in Fighting
 80195 | Vaults:1 | Reached skill level 10 in Shields
 80669 | Vaults:1 | Found Bytral's Book Emporium.
 81047 | Vaults:1 | Found Miggiul's Book Emporium.
 82874 | Vaults:2 | Found Capnum's Antique Weapon Shoppe.
 84367 | Vaults:2 | Found a staircase to the Crypt.
 84403 | Vaults:2 | Identified the +3 rapier "Umaru" {pain, rC+ rN+ Dex-3 SInv}
 84621 | Vaults:2 | Reached XP level 21. HP: 134/134 MP: 20/43
 85385 | Vaults:3 | Reached skill level 15 in Shields
 85722 | Vaults:3 | Reached skill level 15 in Conjurations
 85722 | Vaults:3 | Reached skill level 15 in Air Magic
 86303 | Vaults:3 | Found Tasuanue's Distillery.
 86446 | Vaults:3 | Found Ywahun Wumn's Antique Weapon Shoppe.
 86462 | Vaults:3 | Found Rasub's Antique Armour Shoppe.
 86952 | Vaults:3 | Found Vucoatuj's Book Shop.
 87226 | Vaults:3 | Reached skill level 16 in Conjurations
 87675 | Vaults:3 | Found Poudarra's Antique Armour Shop.
 88147 | Vaults:3 | Bought a book of the Sky for 975 gold pieces
 88157 | Vaults:3 | Learned a level 9 spell: Tornado
 88164 | Vaults:3 | Learned a level 6 spell: Deflect Missiles
 88641 | Vaults:1 | Upgraded the game from 0.24-a0-290-gbb66a67 to
                  | 0.24-a0-291-g79c1ce7
 89477 | Vaults:4 | Reduced skill Long Blades to level 5
 89609 | Vaults:4 | Found Oklucroa's Antique Armour Emporium.
 89903 | Vaults:4 | Reached skill level 17 in Conjurations
 90064 | Vaults:4 | Reached XP level 22. HP: 144/144 MP: 17/44
 91182 | Vaults:4 | Bought a spiked cloak for 209 gold pieces
 91182 | Vaults:4 | Identified the +0 cloak of Dybicexo {Dex+7} (You bought it
                  | in a shop on level 4 of the Vaults)
 91340 | Depths:1 | Entered Level 1 of the Depths
 91902 | Depths:1 | Noticed Aizul
 91972 | D:15     | Killed Aizul
 92137 | Depths:1 | Found a sparkling altar of Nemelex Xobeh.
 92251 | Depths:1 | Found a gateway to Hell.
 92459 | Depths:1 | Found a one-way gate to the infinite horrors of the Abyss.
 92991 | Depths:2 | Reduced skill Stealth to level 5
 93383 | Depths:2 | Noticed a golden dragon
 93393 | Depths:2 | Killed a golden dragon
 93879 | Depths:2 | Noticed a juggernaut
 94286 | Depths:2 | Killed a juggernaut
 94753 | Depths:2 | Identified the +4 long sword "Lorem Ipsum" {flame, rPois
                  | Int+3}
 94753 | Depths:2 | Identified the ring "Lebior" {rPois rN++ MP+9 Int-2 SInv}
 94925 | Depths:3 | Reached skill level 18 in Conjurations
 95374 | Depths:3 | Reduced skill Stealth to level 1
 95932 | Depths:3 | Reached XP level 23. HP: 152/152 MP: 20/46
 96187 | Depths:3 | Found a one-way gate leading to the halls of Pandemonium.
 96392 | Depths:3 | Found Polol's Distillery.
 96647 | Depths:3 | Identified the +7 demon trident of the Iron City of Dis
                  | {elec, +Fly}
 96652 | Depths:3 | Bought a potion of heal wounds for 115 gold pieces
 96652 | Depths:3 | Bought a potion of heal wounds for 115 gold pieces
 96652 | Depths:3 | Bought a potion of resistance for 230 gold pieces
 96652 | Depths:3 | Bought a potion of curing for 69 gold pieces
 96962 | Depths:3 | Noticed Jory
 96967 | Depths:3 | Killed Jory
 97024 | Depths:3 | Found a basalt altar of Yredelemnul.
 97646 | Depths:3 | Reached skill level 19 in Conjurations
 98338 | Depths:4 | Noticed an ancient lich
 98446 | Depths:4 | Killed an ancient lich
 98542 | Depths:4 | Identified the ring "Fuas" {Int+2 Slay+2 Stlth+}
 98542 | Depths:4 | Found the +8 Wrath of Trog {antimagic, *Rage}
 98644 | Depths:4 | Identified the Catalogue of Frigorific Conjuration
 99187 | Depths:4 | Learned a level 5 spell: Iskenderun's Battlesphere
 99207 | Depths:5 | Entered Level 5 of the Depths
100662 | Depths:5 | Reached XP level 24. HP: 159/159 MP: 33/46
100797 | Depths:5 | Reached skill level 20 in Conjurations
101292 | Depths:5 | Found a gateway to a ziggurat.
101395 | Depths:5 | Identified the +6 hand crossbow of Doom {freeze, Str+7
                  | Int-2}
102030 | Depths:5 | Found a gate to the Realm of Zot.
102962 | Vaults:5 | Entered Level 5 of the Vaults
103135 | Vaults:5 | Reached skill level 21 in Conjurations
103706 | Vaults:5 | Reached XP level 25. HP: 133/168 MP: 2/47
104311 | Vaults:5 | Noticed an ancient lich
104675 | Vaults:5 | Killed an ancient lich
104687 | Vaults:5 | Reached skill level 22 in Conjurations
105102 | Vaults:5 | Identified the Papyrus of Execration
106320 | Vaults:5 | Found Gupoinoch's Jewellery Shoppe.
106327 | Vaults:5 | Found Intaum's Antique Weapon Shop.
106359 | Vaults:5 | Found Evetatz's General Store.
106361 | Vaults:5 | Found Bumihe Noobb's Jewellery Shoppe.
106369 | Vaults:5 | Got a silver rune of Zot
106569 | Vaults:1 | Learned a level 1 spell: Flame Tongue
106786 | Crypt:1  | Entered Level 1 of the Crypt
106927 | Crypt:1  | Reached skill level 1 in Fire Magic
107042 | Crypt:1  | Reached skill level 23 in Conjurations
107961 | Crypt:1  | Reached skill level 5 in Fire Magic
108579 | Crypt:2  | Noticed Boris
108592 | Crypt:2  | Killed Boris
109324 | Crypt:2  | Identified the +7 halberd "Oleapti" {chop, rF+}
109855 | Crypt:3  | Entered Level 3 of the Crypt
110359 | Crypt:3  | Reached XP level 26. HP: 174/174 MP: 36/48
110472 | Crypt:3  | Found a runed translucent gate.
110472 | Crypt:3  | Found a runed translucent gate.
110472 | Crypt:3  | Found a runed translucent gate.
110472 | Crypt:3  | Identified the +6 mace "Kerhemu" {freeze, rPois rN+ SInv}
110472 | Crypt:3  | Identified the ring "Focvyes" {rF+ Str-2 Slay+3 SInv}
110472 | Crypt:3  | Noticed Konwih's ghost (veteran FoFi)
110678 | Crypt:3  | Reached skill level 24 in Conjurations
110876 | Crypt:3  | Identified the ring "Mooteuge" {rPois rN+ Int+3}
111128 | Crypt:3  | Identified the ring of the Doge {rPois rC+ rN+ MP+9}
111230 | Crypt:3  | Identified the amulet "Tevify" {rC+ Regen+ Str+5}
111525 | Crypt:3  | Found a staircase to the Tomb.
111751 | Crypt:3  | Noticed an ancient lich
112503 | Crypt:3  | Identified the Volume of Black Arts
112954 | Zot:1    | Entered Level 1 of the Realm of Zot
113737 | Zot:1    | Reached skill level 10 in Fire Magic
113841 | Zot:1    | Identified the +3 war axe of the Dungeon {chop, rPois rF+
                  | rC+ rN++}
114654 | Zot:1    | Reached skill level 25 in Conjurations
115450 | Zot:1    | Identified the Papyrus of Nocuous Weightlessness
115899 | Zot:2    | Noticed an orb of fire
116194 | Zot:1    | Killed an orb of fire
116194 | Zot:1    | Reached skill level 15 in Dodging
116635 | Zot:2    | Reached XP level 27. HP: 120/179 MP: 19/48
116640 | Zot:2    | HP: 4/179 [red draconian] (7)]
116640 | Zot:2    | Mangled by a purple draconian

Levels and vault maps discovered:
D:1:      dpeg_arrival_rhombus, layout_basic
D:2:      layout_basic, kiku_gazebo_pond_becter, uniq_natasha, uniq_terence,
          uniq_robin
D:3:      layout_basic, lemuel_doored_altar, marbit_many_paths, minivault_24
D:4:      layout_loops_corners, nicolae_overflow_crystal_walls, first_ration,
          guppyfry_early_lair_pool, uniq_ijyb
D:5:      minmay_diamond_boxcup, layout_rooms, nicolae_qazlal_style_of_elements,
          lemuel_temple_firewalk_b, nicolae_ossuary_entry_plus, uniq_menkaure,
          uniq_eustachio
D:6:      layout_basic, serial_shops, shop, basic_altar
D:7:      layout_layer_cave, zin_treasury
D:8:      layout_rooms, gammafunk_temple_overflow_forgotten, serial_shops,
          shop_fountains, the_bakery, uniq_harold
D:9:      layout_cave_pools, basic_altar, uniq_erolcha
D:10:     layout_loops_ring, lair_entry_dummy, special_room [special_room_orc]
D:11:     layout_gridville, uniq_urug
D:12:     layout_roguey, david_orc_3, water_maze_lemuel, uniq_psyche
D:13:     layout_cave_pods, minmay_misc_feat_ornament, kb_rosetta
D:14:     layout_roguey, erik_vaults_1, minmay_misc_feat_tiny, serial_shops,
          shop, minmay_stone_trees_small, guppyfry_shop_earth, uniq_rupert,
          uniq_snorg
D:15:     grunt_enter_depths_hoard, layout_basic
Temple:   nicolae_temple_god_jail
Lair:1:   layout_loops_ring, infiniplex_staircase_pool, serial_bayou_shore_a,
          uniq_grum
Lair:2:   layout_long_grid, minmay_snake_entry_guardpost_small,
          hellmonk_ghost_happy_afterlife, lemuel_fruit_tree
Lair:3:   layout_cave_shapes, minmay_shoals_entry_hut
Lair:4:   layout_roguey [special_room_bee], kennysheep_snail_temple
Lair:5:   hangedman_what_comes_after_a, layout_long_grid,
          maelrawn_ghost_gauntlet_escape, grunt_forest_small_clearings,
          pf_torpor_hydra
Lair:6:   cheibrodos_lair_end_hotspot, layout_layer_cave,
          minmay_slime_entry_eyes, ebering_ghost_rock_garden,
          serial_bayou_pond_e
Shoals:1: layout_shoals
Shoals:2: layout_shoals
Shoals:3: layout_shoals, serial_shops, shop
Shoals:4: shoals_end_hangedman, layout_shoals, serial_shops, shop
Snake:1:  layout_chambers, serial_shops, nicolae_shop_waterfront,
          grunt_ministairs_8
Snake:2:  nicolae_sea_snake_s, layout_chambers, serial_bayou_shore_b
Snake:3:  nicolae_snake_nest, layout_basic, uniq_nikola, uniq_vashnia
Snake:4:  minmay_snake_end_coiled, layout_cave_town, serial_shops,
          nicolae_shop_trees, uniq_kirke
Orc:1:    layout_diamond_mine, basic_altar
Orc:2:    st_orc_elflike, layout_caves, nicolae_orc_crystal_geode
Elf:1:    minmay_elf_arrival_plus, layout_loops_corners, minmay_elf_sorcery,
          glass_columns_b
Elf:2:    layout_geoelf_diagonals, serial_shops, shop, uniq_agnes
Elf:3:    minmay_elf_hall_quartered_circle, layout_gridlike,
          minmay_misc_feat_five, grunt_megastairs_3
Vaults:1: v_alt_pattern_2, nicolae_vaults_big_ls, nicolae_vaults_quadrants,
          v_alt_pattern_5, ontoclasm_vaults_idyll, dpeg_vaults_monster_box,
          nicolae_vaults_alarming, vaults_room_grunt_arrival_ludios,
          layout_vaults_omnigrid, serial_shops, shop, shop
Vaults:2: hangedman_vaults_locks, ontoclasm_vaults_chip, v_misc_8,
          minmay_crypt_entry_simple_sparse, ontoclasm_vaults_pinch,
          ontoclasm_vaults_shuriken, vaults_room_ringed_pool,
          nicolae_vaults_fighting_squares, v_misc_29, v_misc_2, v_misc_32,
          layout_vaults_ring, serial_shops, shop
Vaults:3: ontoclasm_vaults_ring_square, nicolae_vaults_little_squares_4,
          v_pattern_2, nicolae_vaults_border_crossing, nicolae_vaults_network_s,
          v_misc_4, grunt_vaults_trifunnel, vaults_standard_mumra_lines,
          vaults_dpeg_encased_lava, vaults_room_glass_cross,
          ontoclasm_vaults_decontamination, layout_vaults_maze_bifur,
          serial_shops, shop, shop, shop, nicolae_shop_crystal,
          nicolae_shop_temple_entry_statues_fountains
Vaults:4: grunt_vaults_diagonal, ontoclasm_vaults_ligature,
          vaults_room_stairs_pillars, v_misc_27, vaults_dpeg_ring,
          hangedman_vaults_variations, ontoclasm_vaults_chip,
          layout_vaults_chaotic_city, serial_shops, shop
Vaults:5
Crypt:1:  layout_basic
Crypt:2:  layout_gridlike, grunt_megastairs_4, uniq_boris, uniq_jory
Crypt:3:  david_glass_crypt, layout_misc_corridors,
          nicolae_tomb_entry_rubble_hallway, gammafunk_ghost_necromancy
Depths:1: layout_long_grid, hell_entry, minmay_misc_feat_x, abyss_entry,
          drop_trap, hex_tiny, nemelex_xobeh_ov_fountains_minmay, uniq_aizul
Depths:2: minmay_the_grid_triangle_9x9_rhombus_full
          [minmay_the_grid_triangle_9x9_intruding_spiral,
          minmay_the_grid_triangle_9x9_longest,
          minmay_the_grid_triangle_9x9_pentomino_pain,
          minmay_the_grid_triangle_9x9_negative_grid,
          minmay_the_grid_triangle_9x9_flanged_cone,
          minmay_the_grid_triangle_9x9_swiss_cheese,
          minmay_the_grid_triangle_9x9_minimal,
          minmay_the_grid_triangle_9x9_prize_top_heavy], layout_basic,
          minmay_misc_feat_secret_circle, lightli_too_deep,
          infiniplex_staircase_zigzag_1
Depths:3: lemuel_vampire_tower, layout_honeycomb, serial_shops, shop,
          grunt_pan_entry_spiral, hangedman_tar_grid_catacomb,
          minmay_misc_feat_square
Depths:4: cheibrodos_cascadia, layout_cave_pools, grunt_pan_entry_sceptre,
          abyss_entry, hell_entry, hangedman_decor_peaks_small
Depths:5: grunt_zot_entry_gee_three, layout_cave_pools, enter_ziggurat_b,
          nrook_campfire, hell_entry, rand_demon_pan_entry_1, hangedman_aviary
Zot:1:    layout_cathedral_of_symmetry, hangedman_zot_spectrum
Zot:2:    layout_misc_corridors

Skill      XL: |  1  2  3  4  5  6  7  8  9 10 11 12 13 14 15 16 17 18 19 20 21 22 23 24 25 26 |
---------------+-------------------------------------------------------------------------------+-----
Air Magic      | 5 6 7 8 10 11 12 13 14 17 19 | 19.9
Conjurations   | 2 3 4 5 6 7 8 10 11 12 13 14 17 18 19 21 23 25 | 25.0
Spellcasting   | 3 4 5 6 7 8 9 12 14 15 16 17 18 19 20 | 20.0
Fighting       | 1 2 3 5 7 8 9 10 11 12 13 14 15 16 17 18 19 20 | 20.0
Dodging        | 3 5 6 7 8 9 10 11 13 14 15 | 15.6
Stealth        | 3 4 6 0 |  0.0
Shields        | 3 4 6 9 14 15 | 15.0
Summonings     | 2 3 |  3.8
Evocations     | 3 5 6 7 9 |  9.5
Long Blades    | 5 7 9 10 2 |  2.8
Fire Magic     | 7 12 | 12.3
Axes           | |  0.2

Action                   |  1- 3 |  4- 6 |  7- 9 | 10-12 | 13-15 | 16-18 | 19-21 | 22-24 | 25-27 || total
-------------------------+-------+-------+-------+-------+-------+-------+-------+-------+-------++-------
Melee: Unarmed           |     5 |       |       |       |       |       |       |       |       ||     5
       Kick              |     2 |    11 |     7 |    27 |    55 |    97 |    11 |     6 |     8 ||   224
       Hand axe          |     8 |    32 |    34 |   106 |    71 |       |       |       |       ||   251
       Peck              |     1 |     2 |     5 |     5 |    42 |    82 |     5 |     4 |     2 ||   148
       Flail             |       |    15 |     1 |       |       |       |       |       |       ||    16
       Falchion          |       |       |       |       |   107 |   381 |     1 |       |       ||   489
       Staff             |       |       |       |       |       |       |    32 |    39 |    25 ||    96
 Cast: Shock             |    53 |   114 |   298 |   599 |  1089 |   970 |   120 |    59 |    47 ||  3349
       Swiftness         |       |     1 |    10 |    30 |    23 |    19 |    18 |     6 |    14 ||   121
       Static Discharge  |       |       |     1 |     4 |       |       |     1 |       |       ||     6
       Lightning Bolt    |       |       |       |    63 |   158 |   223 |   656 |   421 |   357 ||  1878
       Airstrike         |       |       |       |     2 |    70 |    99 |    75 |   256 |   226 ||   728
       Summon Lightning  |       |       |       |    20 |   274 |   297 |   195 |   138 |   110 ||  1034
       Animate Skeleton  |       |       |       |       |    48 |    95 |    63 |    60 |     8 ||   274
       Apportation       |       |       |       |       |       |     5 |     2 |       |       ||     7
       Blink             |       |       |       |       |       |     3 |       |       |     1 ||     4
       Passage of Golubr |       |       |       |       |       |     2 |     3 |       |       ||     5
       Mephitic Cloud    |       |       |       |       |       |     2 |     1 |       |       ||     3
       Gell's Gravitas   |       |       |       |       |       |     1 |       |       |       ||     1
       Teleport Other    |       |       |       |       |       |     1 |       |       |       ||     1
       Slow              |       |       |       |       |       |     1 |       |       |       ||     1
       Deflect Missiles  |       |       |       |       |       |       |     1 |     1 |     1 ||     3
       Tornado           |       |       |       |       |       |       |       |     6 |    17 ||    23
       Iskenderun's Batt |       |       |       |       |       |       |       |    45 |    54 ||    99
       Flame Tongue      |       |       |       |       |       |       |       |       |     2 ||     2
Invok: Curse Item        |       |       |       |     7 |     3 |       |     3 |       |       ||    13
       Scrying           |       |       |       |     1 |    12 |     4 |     1 |     2 |     2 ||    22
       Transfer Knowledg |       |       |       |       |       |       |     2 |     2 |       ||     4
 Abil: Fly               |       |     1 |       |     1 |       |     3 |     1 |     5 |     3 ||    14
       Stop Flying       |       |       |       |     1 |       |     3 |     1 |     5 |     3 ||    13
       Evoke Invisibilit |       |       |       |       |       |       |     3 |       |       ||     3
Evoke: Wand              |       |       |       |       |     9 |     4 |     8 |     1 |     5 ||    27
       Crystal ball of e |       |       |       |       |       |     9 |     3 |     1 |     5 ||    18
       Lightning rod     |       |       |       |       |       |       |       |     1 |     2 ||     3
       Phantom mirror    |       |       |       |       |       |       |       |       |     1 ||     1
  Use: Scroll            |       |     4 |    10 |    18 |    13 |    10 |     6 |     7 |    13 ||    81
       Potion            |       |       |     2 |     8 |    10 |    10 |     3 |    11 |     7 ||    51
 Stab: Sleeping          |       |     2 |     1 |     2 |       |       |       |       |       ||     5
       Distracted        |       |       |       |     1 |     5 |    19 |     1 |       |       ||    26
  Eat: Chunk             |     1 |     8 |     9 |    30 |    58 |    35 |    35 |    26 |     7 ||   209
       Ration            |     1 |       |     3 |     9 |    13 |    15 |     6 |     5 |    12 ||    64
Armor: Robe              |    16 |    16 |    11 |    60 |    69 |    41 |     6 |    16 |    22 ||   257
Dodge: Dodged            |    28 |    59 |   100 |   435 |   723 |   664 |   192 |   292 |   289 ||  2782
       Deflected         |       |       |       |       |       |       |     1 |    61 |    10 ||    72
Block: Buckler           |       |       |     8 |   104 |   155 |   150 |    41 |       |       ||   458
       Shield            |       |       |       |       |       |       |    27 |   290 |   187 ||   504
       Rpst.: Falchion   |       |       |       |       |    35 |    98 |       |       |       ||   133

Table legend:
 A = Non-vault XP
 B = Vault XP
 C = Vault XP percentage of total XP
 D = Non-vault monster count
 E = Vault monster count
 F = Vault count percentage of total count
                 A         B        C        D         E       F
            +---------+---------+-------+---------+---------+-------
      Total |  689508 |  577598 |  45.6 |    1575 |     796 |  33.6
            +---------+---------+-------+---------+---------+-------
        D:1 |      50 |       0 |   0.0 |      26 |       0 |   0.0
        D:2 |     159 |     108 |  40.4 |      30 |      14 |  31.8
        D:3 |     149 |       7 |   4.5 |      21 |       1 |   4.5
        D:4 |     548 |      38 |   6.5 |      14 |       1 |   6.7
        D:5 |     609 |     611 |  50.1 |      21 |       9 |  30.0
        D:6 |     930 |       0 |   0.0 |      22 |       0 |   0.0
        D:7 |     903 |       0 |   0.0 |      17 |       0 |   0.0
        D:8 |    2765 |    1313 |  32.2 |      38 |       2 |   5.0
        D:9 |    1792 |       0 |   0.0 |      18 |       0 |   0.0
       D:10 |     829 |       0 |   0.0 |       9 |       0 |   0.0
       D:11 |    2451 |     447 |  15.4 |      16 |       1 |   5.9
       D:12 |    4695 |    1677 |  26.3 |      44 |       8 |  15.4
       D:13 |    9787 |    1040 |   9.6 |      63 |       3 |   4.5
       D:14 |   11804 |    6902 |  36.9 |      36 |       9 |  20.0
       D:15 |   16953 |    3214 |  15.9 |      43 |       3 |   6.5
     Lair:1 |    2317 |     540 |  18.9 |      15 |       4 |  21.1
     Lair:2 |    4639 |    3879 |  45.5 |      15 |      10 |  40.0
     Lair:3 |    3871 |    1676 |  30.2 |      12 |       6 |  33.3
     Lair:4 |    4551 |    5189 |  53.3 |      16 |      45 |  73.8
     Lair:5 |    3569 |    8402 |  70.2 |      17 |      48 |  73.8
     Lair:6 |    9062 |    4591 |  33.6 |      36 |      24 |  40.0
   Shoals:1 |    8633 |       0 |   0.0 |      23 |       0 |   0.0
   Shoals:2 |    6113 |       0 |   0.0 |      16 |       0 |   0.0
   Shoals:3 |    5501 |       0 |   0.0 |      18 |       0 |   0.0
   Shoals:4 |    8451 |   13347 |  61.2 |      26 |      32 |  55.2
    Snake:1 |   10238 |     440 |   4.1 |      25 |       1 |   3.8
    Snake:2 |   16506 |    2056 |  11.1 |      40 |       7 |  14.9
    Snake:3 |   35446 |   10024 |  22.0 |      84 |       6 |   6.7
    Snake:4 |   11620 |   26733 |  69.7 |      28 |      44 |  61.1
      Orc:1 |    1693 |       0 |   0.0 |      26 |       0 |   0.0
      Orc:2 |    2789 |    6851 |  71.1 |      30 |      27 |  47.4
      Elf:1 |   19596 |    7526 |  27.7 |      39 |      15 |  27.8
      Elf:2 |    7331 |   25732 |  77.8 |      15 |      28 |  65.1
      Elf:3 |   15603 |   47729 |  75.4 |      31 |      40 |  56.3
   Vaults:1 |   21234 |   28364 |  57.2 |      64 |      47 |  42.3
   Vaults:2 |   16637 |   28775 |  63.4 |      46 |      42 |  47.7
   Vaults:3 |   48416 |   20313 |  29.6 |      79 |      31 |  28.2
   Vaults:4 |   31966 |   12313 |  27.8 |      56 |      19 |  25.3
   Vaults:5 |   35313 |  116265 |  76.7 |      49 |      89 |  64.5
    Crypt:1 |   35095 |       0 |   0.0 |      55 |       0 |   0.0
    Crypt:2 |   13379 |    8397 |  38.6 |      28 |       6 |  17.6
    Crypt:3 |   20646 |   22482 |  52.1 |      33 |      10 |  23.3
   Depths:1 |   14925 |       0 |   0.0 |      23 |       0 |   0.0
   Depths:2 |   13927 |   27516 |  66.4 |      13 |      21 |  61.8
   Depths:3 |   42440 |   30303 |  41.7 |      57 |      48 |  45.7
   Depths:4 |   41716 |   25854 |  38.3 |      44 |      33 |  42.9
   Depths:5 |   38082 |   28960 |  43.2 |      48 |      26 |  35.1
      Zot:1 |   47817 |   47984 |  50.1 |      26 |      36 |  58.1
      Zot:2 |   35962 |       0 |   0.0 |      24 |       0 |   0.0
            +---------+---------+-------+---------+---------+-------
